Map: Deathaura LE

Players

MaSa

  • Race: Terran Terran
  • League: Master
  • Spawn Location: 11:00

Astrea - Winner!

  • Race: Protoss Protoss
  • League: Master
  • Spawn Location: 5:00

Event: DreamHack SC2 Masters 2020 Winter

VOD

Have the link to the VOD?

Description

Time

  • Played on: Oct. 27, 2020, 6:16 p.m.
  • Length: 12:29

All games in this series

Show
View Real Time Build Order
Export as new Build Order

MaSa Terran 

Build Orders:  

Get SALT Encoding   

  12  0:00  SCV  
  13  0:12  SCV  
  14  0:17  Supply Depot  
  14  0:24  SCV  
  15  0:38  SCV  
  15  0:39  Barracks  
  16  0:50  SCV  
  16  0:52  Supply Depot  
  17  1:02  SCV  
  18  1:14  SCV  
  19  1:27  Marine, Orbital Command  
  20  1:36  Command Center  
  20  1:45  Marine  
  21  1:53  SCV  
  22  2:02  Marine  
  23  2:08  Command Center  
  23  2:10  SCV  
  24  2:20  Marine  
  24  2:21  Barracks  
  25  2:23  SCV  
  25  2:33  Barracks  
  25  2:35  SCV  
  26  2:40  Marine, Refinery  
  27  2:48  Orbital Command  
  27  2:50  SCV  
  28  2:54  Refinery  
  28  2:59  Marine  
  28  3:02  SCV  
  30  3:08  Marine  
  30  3:12  Orbital Command  
  31  3:15  SCV  
  31  3:18  Marine  
  33  3:20  SCV  
  33  3:21  Barracks Tech Lab  
  35  3:27  SCV, Marine  
  35  3:33  Orbital Command  
  36  3:38  SCV  
  36  3:39  SCV  
  38  3:42  Marine x2  
  38  3:45  Marine  
  41  3:50  SCV  
  41  3:58  Stimpack  
  41  3:59  Marine  
  41  4:00  SCV  
  41  4:01  Factory  
  41  4:02  Barracks  
  43  4:04  SCV  
  43  4:08  Barracks  
  43  4:09  SCV  
  45  4:13  SCV, Marine  
  47  4:19  Marine  
  47  4:20  SCV  
  47  4:21  SCV  
  50  4:25  SCV  
  50  4:30  Supply Depot  
  51  4:32  SCV, Engineering Bay  
  51  4:35  SCV  
  53  4:39  Bunker  
  53  4:40  Barracks Tech Lab  
  53  4:41  SCV  
  53  4:43  Barracks Reactor  
  54  4:46  Marine  
  54  4:48  SCV x2  
  54  4:52  Starport, Factory Reactor  
  57  4:56  Barracks Tech Lab, Barracks Reactor  
  57  4:57  SCV  
  58  5:00  Refinery  
  58  5:06  SCV  
  57  5:11  Marauder x2  
  57  5:12  SCV  
  57  5:13  SCV  
  61  5:17  Supply Depot, Refinery  
  61  5:19  SCV  
  61  5:20  Marine x3  
  65  5:22  Terran Infantry Weapons Level 1  
  65  5:24  SCV  
  65  5:26  SCV  
  67  5:29  Supply Depot  
  67  5:31  SCV  
  67  5:35  Marine  
  68  5:37  Factory Reactor  
  68  5:39  Marine, SCV  
  68  5:41  Supply Depot  
  68  5:42  Marauder  
  73  5:44  Marine x2  
  73  5:48  Marauder  
  77  5:51  SCV  
  77  6:00  Marine x2  
  77  6:01  Marauder  
  77  6:02  SCV  
  77  6:03  Marauder  
  82  6:04  Medivac  
  82  6:09  Medivac  
  82  6:10  Combat Shield, Orbital Command  
  81  6:12  SCV  
  81  6:15  SCV  
  82  6:22  Marine  
  82  6:23  Marine x2  
  82  6:24  Widow Mine, Marauder  
  89  6:26  Supply Depot, SCV  
  89  6:32  Marauder  
  92  6:37  SCV  
  92  6:39  Supply Depot  
  93  6:40  Supply Depot  
  93  6:47  Widow Mine x2, SCV x2, Marine, Marauder  
  93  6:50  SCV  
  101  7:00  Marine x2, Medivac x2  
  101  7:01  Marauder x2, SCV x2  
  109  7:06  Marine x2, Supply Depot  
  109  7:07  Supply Depot  
  113  7:09  Marauder  
  113  7:13  Widow Mine  
  117  7:18  Supply Depot x2  
  117  7:20  Concussive Shells  
  117  7:21  Terran Infantry Armor Level 1  
  117  7:24  SCV  
  117  7:26  SCV  
  117  7:27  Marine  
  117  7:28  Widow Mine, SCV, Marauder  
  123  7:30  Marine, Marauder  
  123  7:31  Supply Depot x2  
  123  7:34  Medivac, Refinery x2  
  123  7:36  Supply Depot x2  
  123  7:37  SCV  
  129  7:38  SCV  
  129  7:39  Marine, Marauder  
  133  7:53  Marine x2, Marauder  
  133  7:54  Marauder  
  133  7:55  SCV x2  
  140  7:58  SCV  
  140  7:59  Marine x2, Medivac  
  140  8:01  Marauder  
  140  8:04  Medivac  
  138  8:18  Marine  
  138  8:19  Marine x2, Marauder x2  
  136  8:25  Widow Mine x2  
  119  8:27  Marine, Marauder  
  114  8:36  Marine x2  
  114  8:39  Marine  
  114  8:40  Marauder x2  
  112  8:45  Marine  
  112  8:47  SCV  
  108  8:49  Marauder, Viking x2  
  108  8:51  Barracks  
  108  8:54  SCV x2, Barracks, Marine x2  
  114  9:02  Marauder  
  116  9:09  Marine x2, Command Center  
  118  9:10  Marauder x2  
  118  9:14  SCV x2  
  118  9:16  Armory, SCV  
  125  9:20  Viking  
  125  9:21  Viking  
  125  9:23  Marine  
  130  9:24  Marauder  
  130  9:25  Widow Mine  
  130  9:26  Widow Mine  
  130  9:29  Starport  
  130  9:30  Marine x2  
  138  9:31  SCV  
  138  9:33  SCV  
  138  9:35  SCV  
  141  9:42  Marauder x2  
  141  9:43  Barracks Tech Lab  
  141  9:44  Marine, Barracks Reactor  
  146  9:46  Marauder  
  146  9:50  Viking  
  146  9:53  Marine x2, Missile Turret  
  147  10:02  Marine x2, Marauder  
  147  10:04  Marauder x2, SCV x2  
  159  10:07  Marauder  
  159  10:10  Marine  
  159  10:11  Marine  
  161  10:20  Marine x2  
  163  10:24  Marauder  
  163  10:25  Marine x2, Marauder x2  
  163  10:27  Viking  
  163  10:28  SCV, Marauder  
  171  10:29  SCV  
  171  10:34  Marine  
  169  10:42  Marine x2  
  160  10:43  Marine  
  160  10:45  Marauder  
  160  10:46  Marauder  
  160  10:47  Marauder  
  152  10:55  SCV x2  
  145  11:03  Marine x2  
  145  11:04  Marauder  
  125  11:06  SCV, Marauder  
  125  11:07  SCV  
  118  11:25  Marine  
  120  11:26  Marauder x2  
  120  11:32  Medivac  
  121  11:38  Marine  
  121  11:39  Marauder, SCV  
  125  11:41  SCV  
  125  11:46  Planetary Fortress  
  126  11:49  SCV  
  126  11:51  SCV, Medivac  
  130  11:55  Missile Turret, Marine  
  130  11:58  SCV  
  132  12:01  SCV  
  132  12:02  Marauder x2  
  132  12:03  SCV  
  142  12:08  Marine  
  142  12:10  SCV  
  142  12:13  SCV  
  142  12:14  Engineering Bay  
  146  12:20  Ghost Academy  
Show
View Real Time Build Order
Export as new Build Order

Astrea Protoss - Winner!

Build Orders: 1 Gate Expand, Blink Stalkers, Colossus Rush 

Get SALT Encoding   

  12  0:00  Probe  
  13  0:12  Probe  
  14  0:17  Pylon  
  14  0:24  Probe (Chrono Boost)  
  15  0:36  Probe (Chrono Boost)  
  15  0:38  Gateway  
  16  0:44  Probe (Chrono Boost)  
  16  0:47  Assimilator  
  17  0:51  Probe  
  18  1:03  Probe  
  19  1:15  Probe  
  20  1:25  Cybernetics Core  
  20  1:33  Nexus  
  20  1:37  Probe  
  21  1:43  Pylon  
  21  1:49  Probe  
  21  1:52  Assimilator  
  21  1:59  Adept (Chrono Boost)  
  21  2:01  Warp Gate (Chrono Boost), Probe  
  24  2:13  Probe  
  25  2:21  Stalker  
  27  2:25  Probe  
  28  2:36  Gateway  
  28  2:40  Probe  
  29  2:45  Twilight Council  
  29  2:48  Probe  
  30  2:53  Probe  
  30  2:55  Stalker  
  33  3:01  Probe  
  34  3:10  Shield Battery  
  34  3:13  Probe  
  34  3:17  Blink (Chrono Boost), Probe  
  36  3:25  Probe  
  37  3:29  Probe  
  38  3:35  Robotics Facility  
  38  3:40  Probe  
  38  3:41  Probe  
  40  3:52  Probe  
  40  3:53  Probe  
  40  3:54  Pylon  
  42  3:58  Sentry  
  44  4:04  Pylon, Probe  
  44  4:05  Probe  
  46  4:11  Nexus  
  46  4:12  Pylon  
  46  4:16  Probe  
  47  4:17  Probe  
  47  4:20  Stalker  
  47  4:23  Observer (Chrono Boost)  
  51  4:26  Assimilator  
  51  4:28  Assimilator, Probe  
  51  4:29  Probe  
  53  4:33  Stalker  
  53  4:37  Observer (Chrono Boost)  
  55  4:40  Probe  
  55  4:41  Probe (Chrono Boost)  
  55  4:45  Pylon  
  59  4:53  Pylon, Probe (Chrono Boost)  
  59  4:58  Probe (Chrono Boost)  
  60  5:02  Probe (Chrono Boost)  
  60  5:03  Robotics Bay  
  60  5:06  Observer, Probe (Chrono Boost)  
  58  5:08  Probe  
  58  5:10  Stalker x2  
  63  5:20  Probe (Chrono Boost)  
  63  5:21  Probe (Chrono Boost)  
  67  5:29  Probe x2 (Chrono Boost)  
  67  5:32  Charge, Probe (Chrono Boost)  
  67  5:33  Forge  
  68  5:36  Forge  
  68  5:37  Probe (Chrono Boost), Sentry  
  68  5:39  Probe (Chrono Boost)  
  73  5:46  Probe x2 (Chrono Boost)  
  73  5:48  Probe (Chrono Boost)  
  73  5:49  Colossus (Chrono Boost)  
  75  5:50  Pylon  
  75  5:51  Probe  
  75  5:53  Probe  
  75  5:55  Stalker  
  85  5:58  Probe  
  85  6:03  Probe  
  85  6:04  Stalker  
  87  6:05  Probe  
  87  6:10  Probe  
  88  6:15  Probe  
  88  6:17  Probe  
  90  6:22  Probe  
  89  6:25  Assimilator  
  89  6:27  Assimilator, Probe  
  90  6:35  Observer  
  90  6:36  Protoss Ground Armor Level 1 (Chrono Boost)  
  90  6:37  Gateway  
  90  6:38  Gateway  
  90  6:41  Gateway  
  90  6:43  Gateway  
  90  6:45  Gateway, Protoss Ground Weapons Level 1 (Chrono Boost)  
  90  6:47  Gateway  
  90  6:53  Extended Thermal Lance  
  90  7:02  Colossus  
  90  7:04  Zealot x2  
  90  7:07  Pylon  
  100  7:08  Pylon  
  100  7:17  Probe x2  
  100  7:18  Probe  
  100  7:20  Dark Shrine  
  103  7:28  Pylon  
  103  7:32  Zealot x2, Sentry  
  103  7:33  Zealot  
  103  7:34  Pylon  
  111  7:37  Nexus  
  111  7:41  Stalker x4, Pylon x2  
  115  7:58  Stalker x4  
  123  8:00  Observer  
  123  8:03  Robotics Facility  
  111  8:14  Zealot x4  
  111  8:19  Probe  
  99  8:20  Probe  
  99  8:25  Stalker x4  
  92  8:30  Probe  
  92  8:31  Probe  
  92  8:32  Probe, Protoss Ground Armor Level 2 (Chrono Boost)  
  92  8:33  Protoss Ground Weapons Level 2 (Chrono Boost)  
  95  8:42  Shadow Stride, Probe  
  95  8:43  Observer  
  95  8:44  Probe x2  
  98  8:52  Dark Templar x2, Probe  
  98  8:54  Probe  
  98  8:56  Probe  
  98  8:57  Observer, Probe  
  98  8:58  Sentry  
  98  9:01  Photon Cannon, Shield Battery  
  100  9:04  Probe  
  101  9:10  Colossus (Chrono Boost)  
  101  9:13  Probe x3  
  101  9:16  Probe  
  111  9:17  Sentry  
  111  9:20  Warp Prism (Chrono Boost)  
  115  9:24  Gravitic Drive (Chrono Boost)  
  115  9:38  Stalker x5  
  125  9:42  Probe  
  125  9:43  Assimilator x2, Probe x2  
  125  9:44  Probe  
  127  9:59  Zealot x3  
  131  10:00  Photon Cannon, Shield Battery  
  130  10:07  Dark Templar, Zealot x4  
  140  10:15  Pylon  
  140  10:16  Pylon  
  140  10:17  Observer  
  140  10:18  Pylon  
  140  10:19  Colossus  
  145  10:36  Dark Templar  
  145  10:39  Zealot x6  
  145  10:40  Zealot  
  141  11:00  Stalker x3  
  141  11:01  Stalker x4  
  135  11:18  Dark Templar  
  135  11:22  Nexus  
  135  11:23  Probe x3  
  135  11:24  Probe  
  141  11:28  Robotics Bay  
  141  11:33  Pylon  
  141  11:36  Dark Templar  
  143  11:41  Zealot x6  
  143  11:46  Warp Prism  
  155  11:59  Templar Archives  
  155  12:00  Pylon  
  155  12:04  Gateway x2  
  155  12:15  Zealot x8  
Tags
 
Add a new tag
Caveats
  • Supply blocks, unpowered buildings, or Contaminate may cause inaccurate times.
  • Supply counts are checked every 10 seconds.